 Dungeon Crawl Stone Soup version 0.22.1-1-ga44c0e5 (webtiles) character file.

699 Monsterracer the Conjurer (level 7, 0/41 HPs)
             Began as an Octopode Wizard on Sept 27, 2018.
             Was an Initiate of Sif Muna.
             Slain by a wyvern (13 damage)
             ... on level 6 of the Dungeon.
             The game lasted 00:05:11 (5274 turns).

Monsterracer the Conjurer (Octopode Wizard)         Turns: 5274, Time: 00:05:12

Health: 0/41       AC:  3    Str: 11    XL:     7   Next: 65%
Magic:  0/21       EV: 13    Int: 23    God:    Sif Muna [......]
Gold:   184        SH:  4    Dex: 10    Spells: 4/13 levels left

rFire    + . .     SeeInvis .   a - +2 whip (venom)
rCold    . . .     Gourm    .   t - +0 buckler
rNeg     . . .     Faith    .   s - +2 hat
rPois    .         Spirit   +   o - amulet of guardian spirit
rElec    .         Reflect  .   f - ring of magical power
rCorr    .         Harm     .   p - ring of protection from fire {!d}
MR       .....                  (no ring)
Stlth    +++.......             (no ring)
HPRegen  0.13/turn              (no ring)
MPRegen  0.17/turn              (no ring)
                                (no ring)
                                (no ring)

@: mighty
A: almost no armour, stealthy swim, amphibious, 8 rings, constrict 8, camouflage
1, gelatinous body 1
a: Renounce Religion


You were on level 6 of the Dungeon.
You worshipped Sif Muna.
Sif Muna was noncommittal.
You were hungry.

You visited 1 branch of the dungeon, and saw 6 of its levels.

You collected 184 gold pieces.

Inventory:

Hand Weapons
 a - a +2 whip of venom (weapon)
Armour
 s - a +2 hat (worn)
 t - a +0 buckler (worn)
Jewellery
 f - a ring of magical power (left tentacle)
 o - an amulet of guardian spirit (around mantle)
 p - a ring of protection from fire (right tentacle) {!d}
Scrolls
 j - 2 scrolls of remove curse
 k - a scroll of fog
Potions
 b - a potion of brilliance
 e - 3 potions of curing
 g - a potion of might
 n - 2 potions of haste
 v - a potion of flight
Comestibles
 c - 9 rations


   Skills:
 + Level 2.4 Dodging
 - Level 4.0 Stealth
 + Level 2.4 Shields
 + Level 3.9 Spellcasting
 * Level 6.6 Conjurations
   Level 1.0 Summonings
 - Level 1.0 Translocations


You had 4 spell levels left.
You knew the following spells:

 Your Spells              Type           Power        Failure   Level  Hunger
a - Magic Dart            Conj           ####         1%          1    None
b - Conjure Flame         Conj/Fire      ###.....     10%         3    ##.....
c - Mephitic Cloud        Conj/Pois/Air  ##......     16%         3    ##.....
e - Blink                 Tloc           N/A          12%         2    #......

Your spell library contained the following spells:

 Spells                   Type           Power        Failure   Level  Hunger
 Dazzling Spray           Conj/Hex       ###...       10%         3    ##.....
 Call Imp                 Summ           #.......     12%         2    #......
 Corona                   Hex            #......      13%         1    None
 Ensorcelled Hibernation  Hex/Ice        #.....       19%         2    #......
 Slow                     Hex            #.......     19%         2    #......
 Confuse                  Hex            #.......     36%         3    ##.....
 Tukima's Dance           Hex            #.......     36%         3    ##.....


Dungeon Overview and Level Annotations

Branches:
Dungeon (6/15)
 Temple: D:4-7

Altars:
Dithmenos
Nemelex Xobeh
Qazlal
Sif Muna
Vehumet

Annotations:
D:5 3 runed doors, Heatsaber's ghost, novice VSFi


Innate Abilities, Weirdness & Mutations

You cannot wear most types of armour.
You are very stealthy in the water. (Stealth+)
You are amphibious.
You can wear up to eight rings at the same time.
You can use your tentacles to constrict eight enemies at once.
Your skin changes colour to match your surroundings (Stealth+).
Your rubbery body absorbs attacks. (AC +1, EV +1)


Message History

You now have 184 gold pieces (gained 11).
Found a hand crossbow.
Found a hand axe.
A sky beast comes into view.
The sky beast misses you.
Casting: Magic Dart (safe; 1% risk of failure)
Confirm with . or Enter, or press ? or * to list all spells.
Aiming: Magic Dart (safe; 1% risk of failure)
Press: ? - help, Shift-Dir - straight line, f - sky beast
Aim: a sky beast The magic dart hits the sky beast.
The sky beast is lightly wounded.
The sky beast hits you. The sky beast shocks you.
You take 6 damage, and have 35/41 hp.
You now have 16/21 mp.
Casting: Magic Dart (safe; 1% risk of failure)
Confirm with . or Enter, or press ? or * to list all spells.
Aiming: Magic Dart (safe; 1% risk of failure)
Press: ? - help, Shift-Dir - straight line, f/p - sky beast
Aim: a sky beast (lightly wounded)
The magic dart hits the sky beast.
The sky beast is moderately wounded.
The sky beast flickers out of sight!
Deactivating autopickup; reactivate with Ctrl-A.
Something hits you. Something shocks you.
You take 5 damage, and have 30/41 hp.
You now have 14/21 mp.
Casting: Magic Dart (safe; 1% risk of failure)
Confirm with . or Enter, or press ? or * to list all spells.
You can't see any susceptible monsters within range! (Use Z to cast anyway.) Unknown command.
Unknown command.
Casting: Magic Dart (safe; 1% risk of failure)
Confirm with . or Enter, or press ? or * to list all spells.
Aiming: Magic Dart (safe; 1% risk of failure)
Press: ? - help, Shift-Dir - straight line The magic dart hits something.
A sky beast appears from thin air!
Reactivating autopickup.
The sky beast misses you.
You now have 13/21 mp.
Casting: Magic Dart (safe; 1% risk of failure)
Confirm with . or Enter, or press ? or * to list all spells.
Aiming: Magic Dart (safe; 1% risk of failure)
Press: ? - help, Shift-Dir - straight line The magic dart hits the sky beast.
The sky beast is severely wounded.
The sky beast hits you. The sky beast shocks you.
You take 4 damage, and have 26/41 hp.
You now have 9/21 mp.
Casting: Magic Dart (safe; 1% risk of failure)
Confirm with . or Enter, or press ? or * to list all spells.
Aiming: Magic Dart (safe; 1% risk of failure)
Press: ? - help, Shift-Dir - straight line The magic dart hits the sky beast.
The sky beast is severely wounded.
The sky beast hits you. The sky beast shocks you.
You take 5 damage, and have 21/41 hp.
You now have 5/21 mp.
Casting: Magic Dart (safe; 1% risk of failure)
Confirm with . or Enter, or press ? or * to list all spells.
Aiming: Magic Dart (safe; 1% risk of failure)
Press: ? - help, Shift-Dir - straight line The magic dart hits the sky beast.
The sky beast is almost dead.
The sky beast barely misses you.
Unknown command.
Casting: Magic Dart (safe; 1% risk of failure)
Confirm with . or Enter, or press ? or * to list all spells.
Aiming: Magic Dart (safe; 1% risk of failure)
Press: ? - help, Shift-Dir - straight line The magic dart hits the sky beast.
You kill the sky beast!
Sif Muna accepts your kill.
You now have 4/21 mp.
Casting: Magic Dart (safe; 1% risk of failure)
Confirm with . or Enter, or press ? or * to list all spells.
You can't see any susceptible monsters within range! (Use Z to cast anyway.) Unknown command.
Casting: Magic Dart (safe; 1% risk of failure)
Confirm with . or Enter, or press ? or * to list all spells.
You can't see any susceptible monsters within range! (Use Z to cast anyway.) Unknown command.
A sky beast comes into view.
A sky beast is nearby!
A wyvern comes into view.
The wyvern hisses angrily.
You closely miss the wyvern. You block the wyvern's attack.
The wyvern closely misses you.
You hit the wyvern.
The wyvern is poisoned.
The wyvern is lightly wounded.
You block the wyvern's attack. The wyvern bites you!
* * * LOW HITPOINT WARNING * * *
You take 11 damage, and have 12/41 hp.
MASSIVE DAMAGE!!
You now have 4/21 mp.
Unknown command.
Casting: Magic Dart (safe; 1% risk of failure)
Confirm with . or Enter, or press ? or * to list all spells.
You blink.
The wyvern barely misses you.
You now have 2/21 mp.
Okay, then.
It was a potion of cancellation.
You feel magically purged. The wyvern closely misses you.
You feel very mighty all of a sudden. The wyvern bites you!
You die...

##### #########...#
#...........#
#.#######...# #.# ##.##
#.# #.# #.# ##.##
########l#### ##...##
...)...@....###.#.#.##
########.##.#........###
...##.#≈#.#.#.....
######.#†≈.........
#..Y###..>..## ###)#
####.## ..# #.# .# #(#
.# #.#


You could see a wyvern.

Vanquished Creatures
  2 sky beasts (D:6)
  A howler monkey (D:5)
  A hound (D:5)
  A jelly (D:5)
  2 orc wizards
  3 orc priests
  2 centaur skeletons (D:5)
  Jessica (D:3)
  An iguana (D:4)
  A worker ant (D:5)
  6 adders
  An ooze (D:3)
  3 worms
  2 dart slugs
  8 orcs (D:3)
  5 giant cockroaches
  4 hobgoblins
  4 jackals
  4 kobolds
  2 quokkas
  7 bats
  9 frilled lizards
  9 goblins
  A leopard gecko skeleton (D:4)
  5 rats
85 creatures vanquished.

Notes
Turn   | Place    | Note
-------+----------+-------------------------------------------
     0 | D:1      | Monsterracer the Octopode Wizard began the quest for the
                  | Orb.
     0 | D:1      | Reached XP level 1. HP: 11/11 MP: 4/4
   413 | D:1      | Reached skill level 2 in Conjurations
   413 | D:1      | Reached XP level 2. HP: 17/17 MP: 6/6
   822 | D:1      | Learned a level 2 spell: Blink
  1187 | D:2      | Reached XP level 3. HP: 21/21 MP: 3/7
  1192 | D:2      | Learned a level 3 spell: Conjure Flame
  1278 | D:2      | Reached skill level 3 in Conjurations
  2006 | D:3      | Reached XP level 4. HP: 27/27 MP: 8/8
  2011 | D:3      | Learned a level 3 spell: Mephitic Cloud
  2047 | D:3      | Reached skill level 4 in Conjurations
  2199 | D:3      | Noticed a fire elemental
  2200 | D:3      | Found a stormy altar of Qazlal.
  2201 | D:3      | Noticed an earth elemental
  2224 | D:3      | Reached XP level 5. HP: 31/31 MP: 7/9
  2296 | D:3      | Noticed a water elemental
  2296 | D:3      | Noticed an air elemental
  2320 | D:3      | Noticed Jessica
  2326 | D:3      | Killed Jessica
  2326 | D:3      | Reached skill level 5 in Conjurations
  2517 | D:3      | Found a sparkling altar of Nemelex Xobeh.
  3188 | D:4      | Found a deep blue altar of Sif Muna.
  3189 | D:4      | Found a shadowy altar of Dithmenos.
  3201 | D:4      | Became a worshipper of Sif Muna the Loreminder
  3312 | D:4      | Reached XP level 6. HP: 29/36 MP: 10/10
  3316 | D:4      | Reached skill level 1 in Shields
  3318 | D:4      | HP: 17/36 [orc priest/divine providence (9)]
  4231 | D:5      | Entered Level 5 of the Dungeon
  4362 | D:5      | HP: 18/36 [centaur skeleton (1)]
  4367 | D:5      | HP: 6/36 [centaur skeleton (6)]
  4368 | D:5      | Reached skill level 6 in Conjurations
  4368 | D:5      | Reached XP level 7. HP: 5/41 MP: 0/12
  4811 | D:5      | Found a radiant altar of Vehumet.
  4887 | D:5      | Noticed Heatsaber's ghost (novice VSFi)
  4985 | D:5      | Found a runed gate.
  4985 | D:5      | Found a runed gate.
  4985 | D:5      | Found a runed gate.
  5026 | D:6      | HP: 19/41 [sky beast (3)]
  5265 | D:6      | Noticed a wyvern
  5270 | D:6      | HP: 12/41 [wyvern (11)]
  5274 | D:6      | Slain by a wyvern

Skill      XL: |  1  2  3  4  5  6  7 |
---------------+----------------------+-----
Conjurations   | 2 3 4 5 6 |  6.6
Stealth        | 3 4 |  4.0
Shields        | 1 2 |  2.4
Dodging        | |  2.4
Spellcasting   | |  3.9
Summonings     | |  1.0
Translocations | |  1.0

Action                   |  1- 3 |  4- 6 |  7- 9 || total
-------------------------+-------+-------+-------++-------
Melee: Dagger            |     1 |       |       ||     1
       Whip              |       |     8 |     2 ||    10
       Constrict         |       |     2 |       ||     2
       Tentacles         |       |     2 |       ||     2
 Cast: Magic Dart        |    87 |   138 |    28 ||   253
       Blink             |       |       |     1 ||     1
  Use: Scroll            |       |    13 |     2 ||    15
       Potion            |       |       |     2 ||     2
 Stab: Sleeping          |     1 |       |       ||     1
  Eat: Chunk             |     3 |     6 |     3 ||    12
Armor: Skin              |     2 |     3 |       ||     5
Dodge: Dodged            |     7 |    30 |     6 ||    43
Block: Buckler           |       |       |     2 ||     2

Vault maps used:
D:1:      dpeg_arrival_tiny_b
D:3:      marbit_many_paths, nicolae_qazlal_style_of_elements,
          minmay_randomly_rotated_circles, uniq_jessica
D:4:      chequers_temple_overflow_statue_of_worship, first_ration
D:5:      lemuel_round_altar, gammafunk_ghost_icy
D:6:      minmay_temple_entry_trees, basic_altar, kennysheep_generic_room_11
